 Dungeon Crawl Stone Soup version 0.30.0-29-ga12c61a403 (webtiles) character file.

Game seed: 740326783390347219

184 javelincjr the Magician (level 5, -9/39 HPs)
             Began as a Djinni Summoner on June 21, 2023.
             Killed from afar by Robin (15 damage)
             ... with a bolt of light
             ... on level 3 of the Dungeon.
             The game lasted 00:10:57 (2565 turns).

javelincjr the Magician (Djinni Summoner)           Turns: 2565, Time: 00:10:59

Health: -9/39      AC:  3    Str: 13    XL:     5   Next: 95%
Gold:   89         EV: 13    Int: 19    God:
                   SH:  0    Dex: 13

rFire   + + .        p - +2 quarterstaff (chaos)
rCold   x . .        (shield currently unavailable)
rNeg    . . .        a - +0 robe
rPois   ∞            (no helmet)
rElec   .            q - +0 cloak
rCorr   .            (no gloves)
SInv    .            (boots unavailable)
Will    .....        (no amulet)
Stlth   ++           e - +6 ring of strength
HPRegen 0.26/turn    (no ring)
MPRegen 0.00/turn

%: infuse magic (-10 HP)
@: flying
A: sickness immunity, fire resistance 2, cold vulnerability 1, float, innate
caster, HP casting, extra vitality 1
a: no special abilities


You were on level 3 of the Dungeon.
You visited 1 branch of the dungeon, and saw 3 of its levels.

You collected 89 gold pieces.

Inventory:

Hand Weapons
 f - a +0 hand axe of electrocution
 p - a +2 quarterstaff of chaos (weapon)
Armour
 a - a +0 robe (worn)
 q - a +0 cloak (worn)
Jewellery
 e - a +6 ring of strength (left hand)
Wands
 n - a wand of flame (6)
Scrolls
 b - 3 scrolls of fear {unknown}
 c - a scroll of immolation {unknown}
 d - 6 scrolls of identify {unknown}
 h - a scroll of enchant weapon {unknown}
 i - a scroll of enchant armour {unknown}
 j - 2 scrolls of teleportation {unknown}
 l - a scroll of amnesia {unknown}
 s - a scroll of blinking {unknown}
Potions
 g - a potion of brilliance {unknown}
 k - 3 potions of curing {unknown}
 m - a potion of lignification {unknown}
 o - a potion of degeneration {unknown}
 r - a potion of flight {unknown}


   Skills:
 * Level 2.5 Fighting
 + Level 3.3 Dodging
 + Level 2.5 Stealth
 * Level 4.0 Spellcasting


You knew the following spells:

 Your Spells              Type           Power      Damage    Failure   Level
a - Summon Small Mammal   Summ           76%        N/A       2%          1
b - Call Imp              Summ           38%        N/A       3%          2
c - Call Canine Familiar  Summ           19%        N/A       8%          3
d - Summon Guardian Gole  Hex/Summ       19%        N/A       8%          3
e - Summon Lightning Spi  Summ/Air       19%        N/A       26%         4
f - Apportation           Tloc           38%        N/A       2%          1
g - Static Discharge      Conj/Air       38%        2-4/arc   3%          2
Your spell library was empty.

Dungeon Overview and Level Annotations

Branches:
Dungeon (3/15)

Altars:
Elyvilon
Yredelemnul

Annotations:
D:3 Robin


Innate Abilities, Weirdness & Mutations

You are immune to sickness and miasma.
You are immune to poison.
Your flesh is very heat resistant. (rF++)
You are vulnerable to cold. (rC-)
You float through the air rather than walking.
You learn spells naturally, not from books.
Your magical power is your life essence.
You have superior vitality. (+4 MHP)


Message History

You closely miss the goblin.
Robin hits your guardian golem but does no damage.
The hobgoblin hits your guardian golem but does no damage.
The goblin barely misses your cerulean imp.
The goblin hits your cerulean imp with a +0 dagger.
The goblin closely misses you.
Your cerulean imp closely misses the goblin.
The goblin closely misses your cerulean imp.
The goblin barely misses you. The hobgoblin hits your guardian golem.
The goblin misses your cerulean imp.
You miss the goblin.
Your cerulean imp hits the goblin with a -3 spear.
The goblin dies!
The goblin closely misses your cerulean imp.
The goblin barely misses you.
Robin zaps a wand.
The bolt of light hits your guardian golem!
Your guardian golem is blinded.
The bolt of light misses your cerulean imp.
The bolt of light hits your hound! The bolt of light hits you!!
Ouch! That really hurt!
* * * LOW HITPOINT WARNING * * *
You swap places.
The hobgoblin barely misses your cerulean imp.
Robin hits your guardian golem with a +0 club.
The goblin barely misses your cerulean imp.
The goblin closely misses your hound.
The goblin hits your guardian golem with a +0 dagger.
The hobgoblin hits your cerulean imp.
The goblin hits your cerulean imp with a +0 club.
The goblin completely misses your hound.
The goblin barely misses your guardian golem.
Robin zaps a wand.
The bolt of light hits your guardian golem.
Your guardian golem is destroyed!
Your guardian golem disappears in a puff of smoke!
The bolt of light hits your cerulean imp!
Your cerulean imp dies!
Your cerulean imp disappears in a puff of smoke!
The bolt of light hits you!
You die...

#.# #############
#####.###...........#
#
#.........###.####.#.
#.##.###.######...##
#....[.†5# #.....#
####.##### ##...## #
#.# ##g## ####.######
#h# #.....5...# #@#
#.##.####.# #§#
#.##.# #5# #§gg#
#.##.####.#


#.gggg# #.#....5[.# #...g...# #.#.#...#.##.........# ....).>....+.........+
#...†.....##.........# ###.#..##.###.......## You could see Robin (ally target),
3 hobgoblins, 4 goblins and a friendly hound (summoned, sheltered).

Vanquished Creatures
  Crazy Yiuf (D:2)
  Terence (D:3)
  An orc wizard (D:3)
  2 adders
  2 orcs (D:3)
  3 bats
  2 endoplasms (D:1)
  3 giant cockroaches
  2 goblins (D:3)
  4 hobgoblins
  4 ball pythons
  3 frilled lizards
  3 kobolds
  A rat (D:1)
32 creatures vanquished.

Vanquished Creatures (collateral kills)
  An adder (D:2)
  A gnoll (D:1)
  4 dart slugs
  2 orcs (D:3)
  2 endoplasms (D:2)
  2 hobgoblins
  2 jackals (D:2)
  4 quokkas
  2 ball pythons (D:2)
  2 frilled lizards
  3 goblins
  A kobold (D:3)
26 creatures vanquished.

Grand Total: 58 creatures vanquished

Notes
Turn   | Place    | Note
-------+----------+-------------------------------------------
     0 | D:1      | javelincjr the Djinni Summoner began the quest for the Orb.
     0 | D:1      | javelincjr set off with the following spells memorised:
                  | Summon Small Mammal, Call Imp, Call Canine Familiar, Summon
                  | Guardian Golem, Summon Lightning Spire.
     0 | D:1      | Reached XP level 1. HP: 15/15 MP: 0/0
   158 | D:1      | Reached XP level 2. HP: 20/21 MP: 0/0
   340 | D:1      | Reached XP level 3. HP: 19/26 MP: 0/0
   340 | D:1      | Learned a level 1 spell: Apportation
   420 | D:1      | Found a faded altar of an unknown god.
   993 | D:2      | Reached skill level 1 in Fighting
  1252 | D:2      | Reached XP level 4. HP: 32/32 MP: 0/0
  1799 | D:2      | Found a runed translucent door.
  1800 | D:2      | Noticed Crazy Yiuf
  1810 | D:2      | Killed Crazy Yiuf
  1811 | D:2      | Reached XP level 5. HP: 33/38 MP: 0/0
  1811 | D:2      | Learned a level 2 spell: Static Discharge
  1930 | D:3      | Found a white marble altar of Elyvilon.
  1975 | D:3      | Noticed Terence
  1986 | D:3      | Killed Terence
  2116 | D:3      | Reached skill level 4 in Spellcasting
  2204 | D:3      | Found a basalt altar of Yredelemnul.
  2553 | D:3      | Noticed Robin
  2565 | D:3      | Killed from afar by Robin

Illustrated notes

Levels and vault maps discovered:
D:1:      heliophobic_arrival_henge, layout_basic,
          shapermc_ecumenical_altar_acropolis, st_stairs_13
D:2:      layout_basic, uniq_crazy_yiuf_cottage
D:3:      layout_loops_corners, kennysheep_ying_yang, uniq_terence, uniq_robin

Skill      XL: |  1  2  3  4  5 |
---------------+----------------+-----
Stealth        | 2 |  2.5
Fighting       | 1 2 |  2.5
Dodging        | 3 |  3.3
Spellcasting   | 4 |  4.0

Action                     |  1- 3 |  4- 6 || total
---------------------------+-------+-------++-------
  Melee: Unarmed           |    15 |       ||    15
         Flail             |    15 |       ||    15
         Hand axe          |    44 |    13 ||    57
         Quarterstaff      |       |    15 ||    15
   Cast: Summon Small Mamm |    36 |       ||    36
         Call Imp          |     2 |    10 ||    12
         Call Canine Famil |       |    10 ||    10
         Summon Guardian G |       |     6 ||     6
         Static Discharge  |       |     1 ||     1
   Stab: Sleeping          |     3 |     1 ||     4
         Distracted        |     1 |     1 ||     2
 Armour: Robe              |    25 |     7 ||    32
  Dodge: Dodged            |    82 |    22 ||   104
